 Dungeon Sprint DCSS version 0.31-a0-596-g831eee08f1 (webtiles) character file.

Game seed: 1823189714806328810

1000000 sircluck the Fighter (level 11, -22/111 HPs)
             Began as a Ghoul Gladiator on Aug 20, 2023.
             Was an Initiate of Makhleb.
             Annihilated by a meat berserker
             ... wielding a +9 battleaxe
              (87 damage)
             ... in the Dungeon (Sprint VIII: "Arena of Blood").
             The game lasted 00:00:14 (10 turns).

sircluck the Fighter (Ghoul Gladiator)                Turns: 10, Time: 00:00:15

Health: -22/111    AC:  4    Str: 21    XL:     11   Next: 5%
Magic:  10/10      EV: 16    Int:  3    God:    Makhleb [......]
Gold:   0          SH:  0    Dex: 12    Spells: 10/10 levels left

rFire   . . .        k - +∞ Axe of Woe
rCold   + . .        (shield currently unavailable)
rNeg    + + +        b - +0 leather armour
rPois   ∞            c - +0 helmet
rElec   .            (no cloak)
rCorr   .            (no gloves)
SInv    .            (no boots)
Will    .....        (no amulet)
Stlth   +            (no ring)
HPRegen 0.00/turn    (no ring)
MPRegen 0.12/turn

%: no teleportation
@: inhibited regen
A: claws 1, cold resistance 1, negative energy resistance 3, inhibited
regeneration, torment resistance 2, devour on kill
a: Renounce Religion


You were in the Dungeon.
You worshipped Makhleb.
Makhleb was noncommittal.
You visited 1 branch

Inventory:

Hand Weapons
 a - a +0 war axe
 k - the +∞ Axe of Woe (weapon)
   (You found it in the Dungeon)
Missiles
 d - 3 throwing nets (quivered)
 e - a javelin
Armour
 b - a +0 leather armour (worn)
 c - a +0 helmet (worn)
Scrolls
 j - a scroll of blinking
Potions
 f - a potion of curing
 g - a potion of heal wounds
 h - a potion of haste
 i - 2 potions of magic


   Skills:
 + Level 14.5 Fighting
 + Level 12.5 Axes
 + Level 12.3 Throwing
 + Level 12.5 Dodging


You had 10 spell levels left.
You didn't know any spells.
Your spell library was empty.

Dungeon Overview and Level Annotations

Branches:
Dungeon (1/1)

Altars:
Makhleb


Innate Abilities, Weirdness & Mutations

You are immune to poison.
You have sharp fingernails.
Your flesh is cold resistant. (rC+)
You are immune to negative energy. (rN+++)
You do not regenerate when monsters are visible.
You are immune to unholy pain and torment.
You thrive by killing the living.


Message History

You have reached level 3!
Your experience leads to an increase in your attributes!
Increase (S)trength, (I)ntelligence, or (D)exterity?
You feel stronger. x2
You have reached level 4!
You have reached level 5!
You feel stronger.
You have reached level 6!
You have reached level 7!
You have reached level 8!
You have reached level 9!
Your experience leads to an increase in your attributes!
Increase (S)trength, (I)ntelligence, or (D)exterity?
You feel agile. x2
You have reached level 10!
You feel stronger.
You have reached level 11!
Unknown command.
Unknown command.
The meat berserker appears out of thin air!
A meat berserker comes into view. It is wielding a +9 battleaxe. x2
Things that are here:
a +9 war axe; a +30 ring of slaying; a bag of meat corpse 3 bags of meat come into view.
The bag of meat shouts!
You hear a shout!
A meat berserker comes into view. It is wielding a +9 battleaxe.
A bag of meat comes into view. It is wielding a +9 war axe.
The meat berserker moves out of view.
A bag of meat comes into view. It is wielding a +9 war axe.
The meat berserker appears out of thin air!
A meat berserker comes into view. It is wielding a +9 battleaxe.
The bag of meat shouts!
The meat berserker shouts!
You hear a shout!
A bag of meat comes into view. It is wielding a +9 war axe.
The meat berserker hits you with a +9 battleaxe!!!
The meat berserker rages.
A bag of meat comes into view. It is wielding a +9 war axe.
The bag of meat barely misses you.
The meat berserker hits you with a +9 battleaxe!!!!
Ouch! That really hurt!
You die...

.o........#.#..
.............oo
#............o.
#.....o..o....
..o..........
...........
#OO.....# .
#.@.....#
...###..o....###.
.......)###......
#..O...O._..O....
......#.....#....
O.....#_.<._# .
......#.....#
#........_.....
........###......


You could see 6 meat berserkers and 8 bags of meat.

Vanquished Creatures
  An orc (D)
1 creature vanquished.

Notes
Turn   | Place    | Note
-------+----------+-------------------------------------------
     0 | D        | Found the +∞ Axe of Woe
     0 | D        | sircluck the Ghoul Gladiator began the quest for the Orb.
     0 | D        | Reached XP level 1. HP: 17/17 MP: 0/0
     4 | D        | Became a worshipper of Makhleb the Destroyer
     6 | D        | Noticed a bag of meat
     6 | D        | Noticed a bag of meat
     7 | D        | Killed a bag of meat
     7 | D        | Noticed a meat berserker
     7 | D        | Noticed a meat berserker
     8 | D        | Reached skill level 14 in Fighting
     8 | D        | Reached XP level 2. HP: 47/47 MP: 1/1
     8 | D        | Reached XP level 3. HP: 53/53 MP: 2/2
     8 | D        | Reached XP level 4. HP: 61/61 MP: 3/3
     8 | D        | Reached XP level 5. HP: 68/68 MP: 4/4
     8 | D        | Reached XP level 6. HP: 75/75 MP: 5/5
     8 | D        | Reached XP level 7. HP: 82/82 MP: 6/6
     8 | D        | Reached XP level 8. HP: 90/90 MP: 7/7
     8 | D        | Reached XP level 9. HP: 96/96 MP: 8/8
     8 | D        | Reached XP level 10. HP: 104/104 MP: 9/9
     8 | D        | Reached XP level 11. HP: 111/111 MP: 10/10
     8 | D        | Noticed a meat berserker
     9 | D        | Noticed a meat berserker
     9 | D        | Noticed a bag of meat
     9 | D        | Noticed a bag of meat
     9 | D        | Noticed a bag of meat
     9 | D        | Noticed a meat berserker
     9 | D        | Noticed a bag of meat
    10 | D        | Noticed a bag of meat
    10 | D        | Noticed a meat berserker
    10 | D        | Noticed a bag of meat
    10 | D        | Noticed a bag of meat
    10 | D        | Annihilated by a meat berserker

Illustrated notes

Levels and vault maps discovered:
D:        meatsprint

Skill      XL: |  1 |
---------------+----+-----
Fighting       | 14 | 14.5
Axes           | 12 | 12.5
Throwing       | 12 | 12.3
Dodging        | 12 | 12.5

Action                     |  1- 3 |  4- 6 |  7- 9 | 10-12 || total
---------------------------+-------+-------+-------+-------++-------
  Melee: Executioner's axe |     1 |       |       |       ||     1
  Dodge: Dodged            |       |       |       |     1 ||     1

Table legend: (Time is in decaauts)
 A = Elapsed time spent in this place.
 B = Non-inter-level travel time spent in this place.
 C = Inter-level travel time spent in this place.
 D = Time resting spent in this place.
 E = Time spent auto-exploring this place.
 F = Levels seen in this place.
 G = Mean time per level.
                   A        B        C        D        E       F      G
               +--------+--------+--------+--------+--------+-----+--------+
         Total |     10 |     10 |      0 |      0 |      0 |   1 |   10.0 |
       Dungeon |     10 |     10 |      0 |      0 |      0 |   1 |   10.0 |
               +--------+--------+--------+--------+--------+-----+--------+

Top non-repeatable levels by time:
       D: 10 daAuts
